 Dungeon Crawl Stone Soup version 0.29-a0-1016-g236c7fd91e (webtiles) character file.

Game seed: 11282059804841376108

97 componib the Shooter (level 4, -1/38 HPs)
             Began as a Minotaur Hunter on Aug 9, 2022.
             Was a Believer of Lugonu.
             Killed by divine providence
             ... invoked by an orc priest
              (10 damage)
             ... on level 3 of the Dungeon.
             The game lasted 00:09:35 (2189 turns).

componib the Shooter (Minotaur Hunter)              Turns: 2189, Time: 00:09:36

Health: -1/38      AC:  6    Str: 18    XL:     4   Next: 42%
Magic:  3/3        EV: 10    Int:  6    God:    Lugonu [**....]
Gold:   85         SH:  0    Dex: 13    Spells: 3/3 levels left

rFire   . . .      SeeInvis .   b - +0 short sword
rCold   . . .      Faith    .   (no shield)
rNeg    . . .      Spirit   .   e - +0 scale mail
rPois   .          Reflect  .   (helmet restricted)
rElec   .          Harm     .   (no cloak)
rCorr   .          Rampage  .   (no gloves)
Will    .....                   (no boots)
Stlth   ..........              o - amulet of magic regeneration
HPRegen 0.12/turn               (no ring)
MPRegen 0.48/turn               (no ring)

@: flying
A: horns 2, retaliatory headbutt
a: Renounce Religion, Depart the Abyss, Bend Space


You were on level 3 of the Dungeon.
You worshipped Lugonu.
Lugonu was pleased with you.
You visited 1 branch of the dungeon, and saw 3 of its levels.

You collected 85 gold pieces.

Inventory:

Hand Weapons
 a - a +0 shortbow
 b - a +0 short sword (weapon)
 k - a +0 dagger
Armour
 c - a +0 leather armour
 e - a +0 scale mail (worn)
 l - a +0 scale mail
 n - a +0 ring mail
Jewellery
 o - an amulet of magic regeneration (around neck)
Scrolls
 f - a scroll of amnesia {unknown}
 i - a scroll of silence {unknown}
 j - 3 scrolls of identify {unknown}
Potions
 g - a potion of heal wounds {unknown}
 h - a potion of curing


   Skills:
 + Level 3.0 Fighting
 + Level 0.4 Short Blades
 + Level 5.8 Ranged Weapons
 + Level 1.4 Armour
 + Level 2.4 Dodging
 + Level 0.8 Stealth


You had 3 spell levels left.
You didn't know any spells.
Your spell library contained the following spells:

 Spells                   Type           Power      Damage    Failure   Level
 Summon Small Mammal      Summ           0%         N/A       85%         1
 Ensorcelled Hibernation  Hex/Ice        0%         N/A       94%         2
 Call Canine Familiar     Summ           0%         N/A       99%         3
 Ozocubu's Armour         Ice            0%         N/A       99%         3
 Spider Form              Tmut/Pois      0%         N/A       99%         3
 Summon Guardian Golem    Hex/Summ       0%         N/A       99%         3
 Anguish                  Hex/Necr       0%         N/A       100%        4
 Ozocubu's Refrigeration  Ice            0%         4d7       100%        7


Dungeon Overview and Level Annotations

Branches:
Dungeon (3/15)

Altars:
Lugonu


Innate Abilities, Weirdness & Mutations

You have a pair of horns on your head.
You reflexively headbutt those who attack you in melee.


Message History

Lugonu accepts your kill.
You hear a shout! x2
An orc comes into view. It is wielding a +0 club.
The orc wizard casts a spell.
The orc wizard flickers and vanishes!
The kobold hits you with a +0 short sword.
The goblin shouts!
You hear a shout!
Something hits you but does no damage.
An orc priest comes into view. It is wielding a +0 hand axe.
You hear some strange, mumbled words.
You are confused.
Something hits you.
You bump into the rock wall.
Something hits you.
The orc throws a boomerang.
The boomerang hits you.
You closely miss the orc.
The orc priest hits you but does no damage.
The orc hits you but does no damage.
You miss the orc.
You feel less confused. The orc hits you with a +0 dagger.
The orc priest mumbles some strange prayers to Beogh against you.
Pain shoots through your body!
* * * LOW HITPOINT WARNING * * *
Unknown command.
Okay, then.
It was a potion of curing.
You feel better. The orc hits you but does no damage.
The orc priest hits you but does no damage.
You feel better. The orc hits you but does no damage.
The orc priest hits you with a +0 hand axe.
It was a potion of flight.
You feel very buoyant.
You fly up into the air.
The orc hits you but does no damage.
The orc priest invokes the aid of Beogh against you.
Beogh smites you!
* * * LOW HITPOINT WARNING * * *
The kobold's inner flame fades away.
The orc priest mumbles some strange prayers to Beogh against you.
Beogh smites you!
You die...

#.. ... #.####.## #........
.########..#..##.
.................
..#####.#†.#..##. #.#
#o#..#..## #.#####.#......#
###### .......@oo........
#....#####.#####.##....##.#
....<.....................
.###.#####.####.....#.....
#..........#..........g.
#######.#.##.....#.#....
#.#........# #.#.
#.####.#...... #..
..........


You could see an orc priest and 2 orcs.

Vanquished Creatures
  A jelly (D:2)
  An adder (D:2)
  2 worms (D:2)
  2 dart slugs (D:1)
  5 bats
  2 endoplasms
  2 giant cockroaches
  3 goblins
  4 hobgoblins
  6 jackals
  4 kobolds
  2 quokkas (D:1)
  4 ball pythons
  2 frilled lizards (D:1)
  9 rats
49 creatures vanquished.

Notes
Turn   | Place    | Note
-------+----------+-------------------------------------------
     0 | D:1      | componib the Minotaur Hunter began the quest for the Orb.
     0 | D:1      | Reached XP level 1. HP: 18/18 MP: 0/0
   197 | D:1      | Reached XP level 2. HP: 25/25 MP: 1/1
   227 | D:1      | Found a faded altar of an unknown god.
   237 | D:1      | Reached skill level 5 in Ranged Weapons
   266 | D:1      | Prayed at the altar of an unknown god.
   266 | D:1      | Became a worshipper of Lugonu the Unformed
   266 | D:1      | Reached * piety under Lugonu
   266 | D:1      | Reached ** piety under Lugonu
   461 | D:1      | Reached XP level 3. HP: 30/30 MP: 2/2
  1163 | D:2      | Reached skill level 1 in Armour
  1954 | D:2      | Reached XP level 4. HP: 21/38 MP: 3/3
  2189 | D:3      | Killed from afar by an orc priest

Illustrated notes

Levels and vault maps discovered:
D:1:      elethiomel_arrival_maze, layout_loops_ring,
          hellmonk_ecumenical_altar_lost_god
D:2:      layout_basic
D:3:      layout_basic

Skill      XL: |  1  2  3 |
---------------+----------+-----
Ranged Weapons | 5 |  5.8
Armour         | 1 |  1.4
Fighting       | 3 |  3.0
Short Blades   | |  0.4
Dodging        | |  2.4
Stealth        | |  0.8

Action                   |  1- 3 |  4- 6 || total
-------------------------+-------+-------++-------
Melee: Dagger            |    22 |       ||    22
       Headbutt          |    11 |       ||    11
       Short sword       |    25 |     6 ||    31
 Fire: Shortbow          |    95 |     4 ||    99
  Use: Potion            |       |     3 ||     3
       Scroll            |       |     1 ||     1
Armor: Scale mail        |    47 |    10 ||    57
Dodge: Dodged            |    55 |     5 ||    60

Table legend: (Time is in decaauts)
 A = Elapsed time spent in this place.
 B = Non-inter-level travel time spent in this place.
 C = Inter-level travel time spent in this place.
 D = Time resting spent in this place.
 E = Time spent auto-exploring this place.
 F = Levels seen in this place.
 G = Mean time per level.
                   A        B        C        D        E       F      G
               +--------+--------+--------+--------+--------+-----+--------+
         Total |   2220 |   2159 |     61 |      0 |   1534 |   3 |  740.0 |
       Dungeon |   2220 |   2159 |     61 |      0 |   1534 |   3 |  740.0 |
               +--------+--------+--------+--------+--------+-----+--------+

Top non-repeatable levels by time:
     D:2: 1234 daAuts
     D:1: 937 daAuts
     D:3: 48 daAuts
